 Dungeon Crawl Stone Soup version 0.24.0-1-gfbc8707 (webtiles) character file.

Game seed: 12590377810546684179, levelgen mode: deterministic

5919 taoistronin the Spear-Bearer (level 10, 0/91 HPs)
             Began as a Minotaur Berserker on Nov 3, 2019.
             Was a High Priest of Trog.
             Shot with an arrow by a centaur (5 damage)
             ... on level 8 of the Dungeon on Nov 6, 2019.
             The game lasted 00:50:00 (7746 turns).

taoistronin the Spear-Bearer (Minotaur Berserker)   Turns: 7746, Time: 00:50:01

Health: 0/91       AC: 19    Str: 22    XL:     10   Next: 53%
Magic:  9/9        EV: 10    Int:  5    God:    Trog [*****.]
Gold:   189        SH:  0    Dex: 16    Spells: 9/9 levels left

rFire    . . .     SeeInvis .   f - +2 trident
rCold    . . .     Gourm    .   (no shield)
rNeg     . . .     Faith    .   x - +0 plate armour
rPois    .         Spirit   .   (helmet restricted)
rElec    .         Reflect  .   o - +2 cloak
rCorr    .         Harm     .   (no gloves)
MR       .....                  m - +0 pair of boots
Stlth    ..........             G - amulet of regeneration
HPRegen  0.65/turn              q - +4 ring of dexterity
MPRegen  0.11/turn              O - ring of stealth

@: very slow
A: retaliatory headbutt, horns 2
a: Berserk, Trog's Hand, Brothers in Arms, Renounce Religion


You were on level 8 of the Dungeon.
You worshipped Trog.
Trog was extremely pleased with you.
You were hungry.

You visited 2 branches of the dungeon, and saw 9 of its levels.

You collected 469 gold pieces.
You spent 280 gold pieces at shops.

Inventory:

Hand Weapons
 f - a +2 trident (weapon)
 h - a +3 scimitar of flaming
 N - a +3 hunting sling of velocity
 P - a +1 trident of venom
Missiles
 d - 374 stones (quivered)
 u - 81 sling bullets
Armour
 m - a +0 pair of boots (worn)
 o - a +2 cloak (worn)
 x - a +0 plate armour (worn)
Jewellery
 q - a +4 ring of dexterity (left hand)
 G - an amulet of regeneration (around neck)
 O - a ring of stealth (right hand)
Wands
 j - a wand of clouds (7)
 v - a wand of iceblast (5)
 K - a wand of paralysis (4)
 M - a wand of random effects (19)
 Q - a wand of acid (6)
Scrolls
 a - a scroll of remove curse
 b - 2 scrolls of identify
 i - a scroll of fear {unknown}
 p - a scroll of holy word {unknown}
 s - 3 scrolls of teleportation
 A - a scroll of magic mapping
 J - a scroll of enchant armour {unknown}
 L - a scroll of brand weapon {unknown}
Potions
 e - 5 potions of might
 g - a potion of agility {unknown}
 k - 3 potions of heal wounds {unknown}
 l - 6 potions of degeneration {unknown}
 n - a potion of resistance {unknown}
 r - 4 potions of cancellation {unknown}
 t - a potion of brilliance {unknown}
 w - 2 potions of ambrosia {unknown}
 z - a potion of flight {unknown}
 D - a potion of lignification {unknown}
 H - 3 potions of curing {unknown}
 I - a potion of mutation {unknown}
Miscellaneous
 B - a sack of spiders
Comestibles
 c - 17 rations
 F - 5 chunks of flesh


   Skills:
 + Level 9.4 Fighting
 + Level 12.1 Polearms
 + Level 10.1 Armour
 + Level 6.6 Dodging
 + Level 1.0 Stealth


You had 9 spell levels left.
You didn't know any spells.
Your spell library was empty.

Dungeon Overview and Level Annotations

Branches:
Dungeon (8/15)             Temple (1/1) D:6
   Lair: D:8-11

Altars:
Ashenzari
Cheibriados
Dithmenos
Elyvilon
Fedhas
Gozag
Hepliaklqana
Kikubaaqudgha
Makhleb
Nemelex Xobeh
Okawaru
Qazlal
Ru
Sif Muna
Uskayaw
Vehumet
Wu Jian
Xom
Yredelemnul
Zin
The Shining One

Shops:
D:4 }


Innate Abilities, Weirdness & Mutations

You reflexively headbutt those who attack you in melee.
You have a pair of horns on your head.


Message History

The arrow burns you.
* * * LOW HITPOINT WARNING * * *
You hear a splash.
The centaur shoots an arrow.
The arrow hits you but does no damage.
You hear a splash.
The centaur wields a +0 shortbow.
The centaur shoots an arrow.
The arrow hits you but does no damage.
You hear a splash.
The centaur shoots an arrow.
The arrow hits you but does no damage.
You hear a splash.
The centaur shoots an arrow.
The arrow hits you but does no damage.
You hear a splash.
The centaur shoots an arrow.
The arrow hits you.
* * * LOW HITPOINT WARNING * * *
The arrow burns you.
* * * LOW HITPOINT WARNING * * *
You see here 6 arrows.
Unknown command.
The centaur shoots an arrow.
The arrow hits you.
You die...

..# ### ..##..#..#
.........# ####### ##
.........## #.....##≈#
.........#≈##.._..#≈≈#
...#.....#≈≈#≈≈≈c≈≈≈#
...#.....#≈≈≈≈≈≈≈≈≈#
.........##≈≈≈c(≈≈≈#
#......?.###≈c≈≈@≈##
.(.......# #≈≈≈(≈≈#
.......#.###.((.((#
###[..##...((((.###
###############


You could see 3 centaurs.

Vanquished Creatures
  Erica (D:8)
  A dancing weapon (D:7)
  The ghost of Exaltedone87 the Cudgeler, a novice HuFi (D:7)
  A troll (D:8)
  Grinder (D:3)
  Sigmund (D:5)
  Duvessa (D:7)
  3 ice beasts
  An orc warrior (D:7)
  A sky beast (D:6)
  3 ogres
  A wolf (D:8)
  A phantom (D:4)
  2 centaurs
  Blork the orc (D:4)
  4 bullfrogs
  Dowan (D:7)
  A gnoll sergeant (D:8)
  3 scorpions
  A wyvern skeleton (D:7)
  5 howler monkeys
  2 crimson imps
  3 bullfrog zombies
  7 orc wizards
  3 orc priests
  9 hounds
  2 jellies
  4 bullfrog skeletons
  Terence (D:3)
  6 iguanas
  4 worker ants
  Robin (D:3)
  A howler monkey zombie (D:5)
  14 adders
  7 gnolls
  4 shadow imps
  An ooze (D:6)
  An adder skeleton (D:4)
  4 worms
  A dart slug (D:1)
  5 leopard geckos
  32 orcs
  2 ball pythons
  10 bats
  6 giant cockroaches
  15 goblins
  13 hobgoblins
  11 kobolds
  2 quokkas
  9 frilled lizards
  A jackal skeleton (D:4)
  A quokka skeleton (D:4)
  8 rats
225 creatures vanquished.

Vanquished Creatures (others)
  5 toadstools (D:4)
5 creatures vanquished.

Grand Total: 230 creatures vanquished

Notes
Turn   | Place    | Note
-------+----------+-------------------------------------------
     0 | D:1      | taoistronin the Minotaur Berserker began the quest for the
                  | Orb.
     0 | D:1      | Reached XP level 1. HP: 19/19 MP: 0/0
   401 | D:1      | Reached XP level 2. HP: 27/27 MP: 1/1
   407 | D:1      | Reached skill level 4 in Polearms
   764 | D:1      | Reached ** piety under Trog
   807 | D:1      | Reached XP level 3. HP: 33/33 MP: 2/2
  1612 | D:2      | Found a sacrificial altar of Ru.
  1825 | D:2      | Reached XP level 4. HP: 41/41 MP: 3/3
  1962 | D:2      | Reached *** piety under Trog
  2236 | D:3      | Noticed Robin
  2257 | D:3      | Killed Robin
  2257 | D:3      | Reached skill level 5 in Polearms
  2427 | D:3      | Noticed Grinder
  2427 | D:3      | Paralysed by Grinder for 2 turns
  2473 | D:3      | Killed Grinder
  2473 | D:3      | Reached XP level 5. HP: 21/47 MP: 4/4
  2473 | D:3      | Reached XP level 6. HP: 24/55 MP: 5/5
  3204 | D:3      | Noticed Terence
  3207 | D:3      | Killed Terence
  3452 | D:3      | Reached skill level 6 in Polearms
  3794 | D:4      | Reached skill level 5 in Fighting
  3801 | D:4      | Reached skill level 5 in Armour
  4020 | D:4      | Reached XP level 7. HP: 57/61 MP: 6/6
  4100 | D:4      | Found Tonos's Gadget Shop.
  4145 | D:4      | Reached skill level 7 in Polearms
  4167 | D:4      | Found a basalt altar of Yredelemnul.
  4352 | D:4      | Reached **** piety under Trog
  4453 | D:4      | Found a white marble altar of Elyvilon.
  4453 | D:4      | Found a hazy altar of Hepliaklqana.
  4484 | D:4      | Bought a sack of spiders for 280 gold pieces
  4524 | D:5      | Entered Level 5 of the Dungeon
  4662 | D:5      | Got a fine mace
  4695 | D:5      | Reached XP level 8. HP: 70/70 MP: 7/7
  4698 | D:5      | Reached skill level 8 in Polearms
  4715 | D:5      | Identified the cursed +0 mace of Gaeggam {crush, +Blink}
                  | (You found it on level 5 of the Dungeon)
  4759 | D:5      | Noticed Blork the orc
  4761 | D:5      | Noticed Sigmund
  4787 | D:4      | Killed Blork the orc
  4853 | D:5      | Killed Sigmund
  5306 | D:6      | Found a blossoming altar of Fedhas.
  5309 | D:6      | Found an ancient bone altar of Kikubaaqudgha.
  5357 | D:6      | Found a staircase to the Ecumenical Temple.
  5365 | D:6      | Reached skill level 9 in Polearms
  5388 | Temple   | Entered the Ecumenical Temple
  5529 | D:6      | Reached skill level 5 in Dodging
  5839 | D:6      | Reached ***** piety under Trog
  5839 | D:6      | Reached XP level 9. HP: 71/78 MP: 8/8
  6065 | D:7      | Reached skill level 10 in Polearms
  6127 | D:7      | Noticed Duvessa
  6127 | D:7      | Noticed Dowan
  6135 | D:7      | Killed Duvessa
  6139 | D:7      | Killed Dowan
  6186 | D:7      | Found a runed translucent door.
  6186 | D:7      | Found a shimmering altar of Xom.
  6186 | D:7      | Noticed Exaltedone87's ghost (novice HuFi)
  6187 | D:7      | Noticed a +0 falchion of chaos
  6274 | D:7      | Received a gift from Trog
  6442 | D:7      | Found a shadowy altar of Dithmenos.
  6446 | D:7      | Found a glowing silver altar of Zin.
  6736 | D:7      | Found a shimmering blue altar of Sif Muna.
  7154 | D:7      | Killed Exaltedone87's ghost
  7154 | D:7      | Reached skill level 1 in Stealth
  7157 | D:7      | Killed a +0 falchion of chaos
  7157 | D:7      | Reached skill level 11 in Polearms
  7157 | D:7      | Reached XP level 10. HP: 77/90 MP: 9/9
  7584 | D:8      | Noticed Erica
  7629 | D:8      | Killed Erica
  7629 | D:8      | Reached skill level 12 in Polearms
  7629 | D:8      | Reached skill level 10 in Armour
  7718 | D:8      | Found a burning altar of Makhleb.
  7745 | D:8      | HP: 4/91 [centaur/arrow (1)]
  7746 | D:8      | Shot with an arrow by a centaur

Levels and vault maps discovered:
D:1:      minmay_arrival_shattered_statue, layout_basic, lemuel_another_geyser
D:2:      layout_loops_ring, old_standard_altar, minivault_26, minmay_tromino_i2
D:3:      minmay_recursive_quarters, layout_basic, first_ration, uniq_terence,
          uniq_grinder, uniq_robin
D:4:      layout_rooms, old_standard_altar, gammafunk_temple_overflow_elements,
          serial_shops, shop, minmay_gold_behind_fungi
D:5:      layout_cave_pools, st_stairs_3, solitary_fountain, uniq_sigmund,
          uniq_blork_the_orc
D:6:      layout_loops_cross, grunt_temple_overflow_growth_and_decay,
          minmay_temple_entry_large_hall
D:7:      layout_cave_pods, led_sif_book, grunt_temple_overflow_open,
          ebering_ghost_xom, grunt_ogre_cave, chequers_mini_garden, uniq_duvessa
D:8:      layout_cave_pools, erik_lair_island, lemuel_centaur_altar, uniq_erica
Temple:   minmay_temple_bridge_abc

Skill      XL: |  1  2  3  4  5  6  7  8  9 10 |
---------------+-------------------------------+-----
Fighting       | 4 5 6 8 9 |  9.4
Polearms       | 4 5 6 7 9 11 12 | 12.1
Armour         | 3 4 5 6 8 9 10 | 10.1
Dodging        | 3 4 5 6 |  6.6
Stealth        | 1 |  1.0

Action                   |  1- 3 |  4- 6 |  7- 9 | 10-12 || total
-------------------------+-------+-------+-------+-------++-------
Melee: Spear             |   113 |   132 |       |       ||   245
       Headbutt          |    21 |    36 |    66 |    36 ||   159
       Trident           |       |    10 |   265 |   119 ||   394
Invok: Berserk           |       |     3 |     3 |       ||     6
  Use: Scroll            |     5 |     6 |     9 |       ||    20
  Eat: Chunk             |     3 |     8 |     9 |       ||    20
       Ration            |       |     1 |     1 |       ||     2
Armor: Animal skin       |     6 |       |       |       ||     6
       Scale mail        |    12 |    16 |    89 |       ||   117
       Ring mail         |    22 |    28 |       |       ||    50
       Plate armour      |       |       |     8 |    97 ||   105
Dodge: Dodged            |    67 |    73 |   144 |    83 ||   367
